Map: Lightshade LE

Players

RuFF

  • Race: Terran Terran
  • League: Grandmaster

Neuro - Winner!

  • Race: Zerg Zerg
  • League: Grandmaster

VOD

Have the link to the VOD?

Description

Time

  • Played on: Aug. 3, 2021, 10:14 p.m.
  • Length: 20:37
Show
View Real Time Build Order
Export as new Build Order

RuFF Terran 

Build Orders: 2 Factory, Mech 

Get SALT Encoding   

  12  0:00  SCV  
  13  0:12  SCV  
  14  0:20  Supply Depot  
  14  0:24  SCV  
  15  0:30  Refinery  
  15  0:42  SCV  
  16  0:48  Barracks  
  16  0:54  SCV  
  17  1:06  SCV  
  18  1:18  SCV  
  19  1:35  Orbital Command  
  19  1:36  Marine  
  19  1:37  Factory  
  20  1:50  Supply Depot  
  20  1:56  Barracks Reactor  
  20  2:02  SCV  
  21  2:14  SCV, Command Center  
  22  2:24  Supply Depot  
  22  2:27  SCV  
  23  2:39  Hellion x2, SCV  
  28  2:49  Barracks Tech Lab  
  28  2:51  SCV  
  29  3:11  Refinery  
  29  3:13  SCV  
  29  3:16  Factory  
  29  3:18  Marine x2  
  28  3:34  Siege Tank  
  28  3:35  Orbital Command  
  28  3:36  Marine x2  
  28  3:40  SCV  
  34  3:45  Supply Depot  
  34  3:52  SCV  
  34  3:54  Marine x2  
  37  4:02  SCV  
  38  4:04  SCV  
  38  4:06  Siege Tank  
  42  4:13  Marine x2  
  42  4:14  Factory Reactor, SCV  
  42  4:17  SCV  
  46  4:24  Armory  
  46  4:26  SCV  
  46  4:29  SCV  
  46  4:31  Marine x2  
  49  4:38  Supply Depot, SCV  
  51  4:39  Hellion  
  51  4:41  SCV  
  51  4:43  Refinery  
  51  4:45  Refinery  
  54  4:48  Marine  
  54  4:49  Marine  
  54  4:50  SCV  
  57  4:53  SCV  
  57  4:58  Hellion x2  
  62  5:00  Hellion  
  62  5:02  SCV  
  62  5:05  SCV  
  62  5:06  Marine x2  
  68  5:10  Starport  
  68  5:14  SCV  
  69  5:34  Marine  
  70  5:40  Marine  
  70  5:46  Starport Tech Lab  
  70  5:48  Fusion Core  
  70  5:52  Starport  
  70  5:54  SCV  
  70  6:00  Hellion  
  70  6:03  Hellion  
  69  6:05  Hellion  
  53  6:15  Marine x2  
  53  6:17  SCV x2  
  50  6:21  Siege Tank  
  50  6:23  Supply Depot  
  50  6:25  Starport Tech Lab  
  53  6:34  Terran Ship Weapons Level 1  
  53  6:38  Bunker  
  53  6:42  Battlecruiser  
  59  6:48  Battlecruiser  
  65  6:59  SCV  
  60  7:16  Weapon Refit  
  60  7:19  Hellion x3  
  60  7:20  Infernal Pre-Igniter  
  66  7:27  Supply Depot, SCV  
  66  7:29  SCV  
  68  7:30  Supply Depot  
  68  7:39  Factory  
  68  7:40  Hellion x3  
  74  7:52  Battlecruiser  
  80  8:24  Battlecruiser  
  80  8:25  Hellion x3  
  92  8:36  SCV  
  92  8:40  SCV  
  94  8:46  Hellion  
  97  8:48  SCV  
  97  8:50  Siege Tank  
  96  8:55  SCV  
  91  9:17  SCV  
  91  9:23  Siege Tank  
  81  9:40  Battlecruiser x2  
  81  9:41  SCV x2  
  95  10:13  Siege Tank  
  95  10:14  Hellion x2  
  102  11:12  Factory x2  
  102  11:14  Engineering Bay  
  102  11:16  Command Center  
  102  11:17  Factory  
  102  11:24  Hellion x2, Siege Tank, SCV  
  110  12:02  SCV  
  109  12:09  Hellion  
  109  12:10  Battlecruiser  
  109  12:12  Hellion  
  109  12:24  Hellion x2  
  98  12:34  Factory Tech Lab x3  
  98  12:36  Terran Vehicle Weapons Level 1, SCV  
  92  12:45  Armory, Thor  
  92  12:46  SCV  
  99  12:56  Missile Turret  
  99  12:58  Missile Turret  
  99  12:59  Missile Turret, Planetary Fortress  
  99  13:03  Hellion  
  99  13:04  Hellion x4  
  109  13:06  Refinery x2  
  109  13:25  Hellion  
  109  13:27  Thor, SCV  
  113  14:03  Thor x2  
  125  14:21  Neosteel Armor  
  123  14:31  SCV  
  123  14:33  Thor  
  123  14:37  Thor  
  124  14:41  Terran Vehicle Weapons Level 2  
  124  14:42  Terran Vehicle And Ship Armor Level 1  
  122  15:07  Supply Depot x3, Thor x2  
  120  15:10  Supply Depot  
  120  15:11  Missile Turret  
  132  15:14  Missile Turret  
  132  15:16  Sensor Tower  
  132  15:17  Missile Turret x2  
  132  15:28  Thor  
  132  15:29  Siege Tank  
  132  15:31  Hellion x2  
  145  15:50  Siege Tank x2  
  145  15:52  Hellion x2  
  145  15:53  Command Center  
  155  15:59  Smart Servos  
  155  16:01  Siege Tank  
  158  16:18  Command Center  
  158  16:34  Siege Tank x2  
  164  17:05  Hellion x3, Siege Tank  
  164  17:06  Siege Tank x2  
  167  17:26  Hellion x2, Siege Tank  
  159  17:37  Siege Tank  
  159  17:38  Siege Tank  
  140  17:51  Thor  
  139  17:52  SCV  
  139  17:58  Thor  
  146  18:10  Missile Turret  
  146  18:11  Missile Turret  
  144  18:13  Missile Turret  
  95  18:33  Thor x2  
  95  18:34  Hellion  
  103  18:46  SCV  
  93  19:07  SCV  
  94  19:16  Refinery  
  93  19:18  Refinery  
  56  19:44  SCV x3  
  64  20:01  Missile Turret  
  64  20:03  Missile Turret  
  64  20:13  Refinery  
  64  20:18  Refinery  
Show
View Real Time Build Order
Export as new Build Order

Neuro Zerg - Winner!

Build Orders: Hatch First 

Get SALT Encoding   

  12  0:01  Drone  
  13  0:12  Overlord  
  13  0:17  Drone  
  14  0:30  Drone x2  
  14  0:35  Drone  
  17  0:51  Hatchery  
  17  0:53  Drone  
  17  0:57  Drone  
  18  1:07  Extractor  
  17  1:12  Spawning Pool  
  17  1:15  Drone  
  17  1:18  Drone  
  18  1:27  Drone  
  19  1:38  Drone  
  20  1:51  Drone  
  21  2:03  Queen  
  21  2:08  Queen  
  23  2:09  Zergling x4  
  27  2:18  Hatchery  
  27  2:19  Overlord  
  26  2:23  Metabolic Boost  
  26  2:29  Drone x2  
  28  2:37  Drone x3  
  28  2:44  Drone  
  32  2:47  Overlord  
  32  2:53  Queen  
  34  3:04  Zergling x6  
  35  3:07  Queen  
  37  3:15  Zergling x4  
  39  3:24  Overlord  
  39  3:27  Overlord  
  39  3:29  Drone x2  
  39  3:33  Drone x2  
  40  3:38  Queen, Drone  
  43  3:44  Drone x2  
  43  3:47  Drone x3  
  48  3:52  Queen  
  48  3:55  Drone  
  51  3:56  Drone  
  51  3:59  Drone  
  53  4:03  Drone x3  
  56  4:14  Drone x3  
  56  4:15  Roach Warren  
  58  4:18  Overlord  
  58  4:19  Drone  
  58  4:23  Drone x3  
  62  4:30  Drone x4  
  65  4:35  Overlord  
  65  4:37  Drone x3  
  68  4:46  Overlord  
  68  4:47  Drone x2  
  68  4:51  Extractor  
  68  4:52  Overlord  
  69  4:55  Spore Crawler  
  69  4:56  Drone x4  
  69  4:57  Spore Crawler  
  69  4:59  Spore Crawler  
  70  5:01  Roach  
  70  5:02  Roach x3  
  80  5:08  Overlord x2  
  80  5:09  Zergling x6  
  80  5:12  Queen  
  85  5:17  Zergling x4  
  89  5:21  Roach  
  88  5:29  Zergling x4  
  91  5:35  Hatchery  
  91  5:40  Ravager  
  91  5:41  Zergling x12  
  94  5:45  Extractor  
  93  5:50  Zergling x2  
  93  5:52  Ravager  
  85  6:07  Zergling x4  
  85  6:08  Zergling x4  
  80  6:14  Drone  
  80  6:17  Lair, Extractor  
  78  6:24  Spore Crawler  
  77  6:28  Hatchery, Drone x4  
  77  6:30  Evolution Chamber, Queen  
  80  6:46  Drone x2  
  80  6:47  Drone x6  
  88  6:49  Spore Crawler  
  87  6:56  Drone x4  
  87  6:58  Zerg Ground Armor Level 1  
  84  7:14  Drone x10  
  84  7:15  Overseer, Spore Crawler  
  93  7:17  Glial Reconstitution  
  93  7:21  Overlord x2, Drone  
  94  7:36  Queen  
  94  7:39  Queen  
  94  7:40  Overlord x2  
  94  7:43  Extractor  
  99  7:44  Roach x5  
  99  7:50  Queen  
  109  7:53  Spore Crawler  
  109  7:58  Drone x8  
  114  7:59  Spore Crawler, Extractor  
  113  8:07  Spore Crawler  
  113  8:08  Spore Crawler  
  104  8:21  Queen x2  
  104  8:24  Drone x17  
  122  8:27  Spore Crawler  
  119  8:39  Spore Crawler  
  113  8:45  Spore Crawler  
  113  8:47  Spore Crawler  
  111  8:49  Spore Crawler  
  111  8:54  Zerg Missile Weapons Level 1  
  108  9:05  Queen x2  
  108  9:09  Spire  
  106  9:24  Drone x5  
  106  9:26  Drone x9  
  112  9:41  Ravager x4  
  112  9:47  Ravager  
  112  9:48  Ravager  
  112  9:49  Queen  
  112  9:51  Drone x3  
  119  9:58  Spore Crawler x2  
  113  10:11  Overlord  
  113  10:12  Overlord x4  
  109  10:21  Lair  
  109  10:22  Corruptor, Queen  
  109  10:23  Corruptor x3  
  114  10:32  Corruptor x3  
  114  10:33  Corruptor x3  
  119  10:38  Corruptor  
  119  10:39  Hatchery  
  119  10:50  Queen  
  119  10:55  Roach  
  119  10:56  Roach x5  
  131  11:05  Queen  
  131  11:06  Drone x7  
  131  11:10  Roach  
  131  11:11  Roach x4  
  150  11:22  Extractor  
  149  11:28  Extractor  
  149  11:31  Overlord  
  149  11:32  Overlord x5  
  148  11:35  Zerg Ground Armor Level 2  
  142  11:40  Spore Crawler  
  142  11:42  Spore Crawler  
  142  11:43  Queen x3  
  142  11:44  Spore Crawler  
  140  11:48  Hatchery  
  140  11:49  Spore Crawler  
  140  11:52  Spore Crawler x2  
  136  11:55  Zergling x26  
  148  12:03  Ravager x4  
  148  12:05  Zergling x4  
  140  12:29  Drone x13  
  141  12:32  Spire  
  139  12:44  Spore Crawler x2, Queen  
  139  12:45  Drone x8  
  139  12:46  Extractor  
  146  12:59  Hydralisk Den  
  146  13:05  Spore Crawler  
  144  13:06  Spore Crawler  
  141  13:13  Roach x8  
  141  13:19  Drone x10  
  161  13:24  Drone  
  159  13:38  Grooved Spines, Hydralisk x11  
  181  13:45  Spine Crawler  
  181  13:46  Spine Crawler  
  181  13:47  Corruptor  
  177  13:53  Queen x2  
  177  13:54  Overlord x2  
  167  14:02  Zerg Missile Weapons Level 2  
  167  14:12  Hatchery  
  167  14:16  Infestation Pit, Roach x6  
  177  14:23  Extractor x2  
  175  14:24  Spore Crawler  
  175  14:25  Spore Crawler  
  175  14:26  Spore Crawler  
  165  14:47  Drone x5  
  165  14:49  Burrow, Muscular Augments, Spore Crawler  
  169  14:57  Hive  
  164  15:00  Zergling x20  
  164  15:03  Drone x5  
  164  15:04  Drone x4  
  182  15:17  Zerg Flyer Armor Level 1  
  182  15:18  Corruptor, Nydus Network  
  186  15:21  Zergling x6  
  186  15:25  Overseer  
  186  15:27  Drone x3  
  189  15:32  Corruptor  
  187  16:02  Overseer  
  187  16:11  Hatchery  
  187  16:16  Drone x3  
  189  16:20  Drone x8  
  189  16:21  Drone  
  189  16:22  Pathogen Glands  
  194  17:09  Spawning Pool, Spore Crawler  
  194  17:10  Spore Crawler  
  187  17:16  Corruptor  
  187  17:17  Corruptor x5  
  187  17:19  Neural Parasite  
  196  17:36  Roach x9  
  200  17:37  Roach  
  200  17:39  Roach x5  
  200  17:40  Roach x3  
  182  17:48  Roach x13  
  184  17:51  Roach x3  
  184  17:52  Roach x6  
  198  18:02  Ravager  
  199  18:11  Roach  
  193  18:14  Roach x5  
  193  18:15  Roach  
  193  18:19  Roach x11  
  199  18:20  Roach  
  199  18:25  Roach x5  
  157  18:34  Roach  
  157  18:35  Roach x6  
  169  18:42  Roach x8  
  169  18:43  Roach  
  175  18:49  Roach  
  175  18:50  Roach x3  
  175  18:52  Drone x3  
  175  18:53  Ravager  
  175  18:55  Ravager x7  
  189  18:56  Ravager x2  
  192  19:08  Queen  
  194  19:13  Spore Crawler  
  194  19:15  Spore Crawler  
  188  19:21  Roach x7  
  188  19:22  Roach x4  
  185  19:32  Infestor  
  185  19:33  Infestor x3  
  185  19:35  Queen  
  193  19:50  Pneumatized Carapace  
  193  20:10  Hatchery  
  192  20:16  Nydus Canal  
  192  20:21  Drone x5  
  192  20:22  Extractor  
Tags
 
Add a new tag
Caveats
  • Supply blocks, unpowered buildings, or Contaminate may cause inaccurate times.
  • Supply counts are checked every 10 seconds.